 Dungeon Crawl Stone Soup version 0.29-a0-275-g389c0b56f3 (webtiles) character file.

Game seed: 12167799712571820688

43 Leszczynek the Chopper (level 3, -3/27 HPs)
             Began as a Human Gladiator on Mar 11, 2022.
             Slain by Crazy Yiuf
             ... wielding a +4 quarterstaff of chaos
              (13 damage)
             ... on level 3 of the Dungeon.
             The game lasted 00:04:31 (531 turns).

Leszczynek the Chopper (Human Gladiator)             Turns: 531, Time: 00:04:32

Health: -3/27      AC:  7    Str: 16    XL:     3   Next: 82%
Magic:  3/3        EV: 10    Int:  8    God:
Gold:   40         SH:  0    Dex: 14    Spells: 2/2 levels left

rFire   . . .      SeeInvis .   a - +4 mace "Meirres" {vamp, rC+}
rCold   + . .      Faith    .   (no shield)
rNeg    . . .      Spirit   .   i - +0 scale mail
rPois   .          Reflect  .   c - +0 helmet
rElec   .          Harm     .   (no cloak)
rCorr   .          Rampage  .   (no gloves)
Will    .....                   (no boots)
Stlth   ..........              (no amulet)
HPRegen 0.09/turn               (no ring)
MPRegen 0.08/turn               (no ring)

@: no status effects
A: no striking features
a: no special abilities


You were on level 3 of the Dungeon.
You visited 1 branch of the dungeon, and saw 3 of its levels.

You collected 40 gold pieces.

Inventory:

Hand Weapons
 a - the +4 mace "Meirres" (weapon) {vamp, rC+}
   (You found it on level 3 of the Dungeon)

   It occasionally heals its wielder for a portion of the damage dealt when it
   wounds a living foe.
   rC:        It protects you from cold.
 b - a +0 hunting sling
 p - a +0 war axe
Missiles
 d - 2 throwing nets (quivered)
 e - 4 javelins
Armour
 c - a +0 helmet (worn)
 i - a +0 scale mail (worn)
 m - a +0 leather armour
Jewellery
 n - an amulet of magic regeneration
Scrolls
 f - a scroll of acquirement {unknown}
 j - a scroll of teleportation {unknown}
 k - a scroll of vulnerability {unknown}
 l - a scroll of amnesia {unknown}
Potions
 g - a potion of degeneration {unknown}
 h - a potion of haste {unknown}
 o - a potion of mutation {unknown}


   Skills:
 + Level 2.0 Fighting
 + Level 4.5 Axes
 - Level 2.0 Throwing
 - Level 3.0 Dodging


You had 2 spell levels left.
You didn't know any spells.
Your spell library was empty.

Dungeon Overview and Level Annotations

Branches:
Dungeon (3/15)

Altars:

Annotations:
D:3 Crazy Yiuf


Message History

You see here a +0 mace.
You see here a +0 mace of venom.
Unknown command.
Press: ? - help, v - describe, . - travel, g - get item Item here: a mace.
The floor.
You see here a +0 mace.
You see here the +4 mace "Meirres" {vamp, rC+}.
p - the +4 mace "Meirres" {vamp, rC+} You feel a sense of dread.
p - the +4 mace "Meirres" (weapon)
{vamp, rC+} Adjust (i)tems, (s)pells, or (a)bilities?
p - the +4 mace "Meirres" (weapon)
{vamp, rC+} Adjust to which letter? (? for menu, Esc to quit)
a - the +4 mace "Meirres" (weapon)
{vamp, rC+}
p - a +0 war axe
Found a mace.
Found a runed translucent door.
Crazy Yiuf shouts!
Press: ? - help, v - describe, . - travel
Here: Crazy Yiuf, wielding a +4 quarterstaff of chaos and wearing a +0 cloak (fire blocked by a runed translucent door)
The floor.
Unknown command.
As you open the door, it creaks loudly!
You hit Crazy Yiuf but do no damage.
Crazy Yiuf hits you with a +4 quarterstaff of chaos.
You hit Crazy Yiuf.
Crazy Yiuf is lightly wounded.
Crazy Yiuf hits you with a +4 quarterstaff of chaos.
Crazy Yiuf freezes you.
You hit Crazy Yiuf.
Crazy Yiuf is moderately wounded.
Crazy Yiuf hits you with a +4 quarterstaff of chaos.
Crazy Yiuf draws strength from your wounds!
You hit Crazy Yiuf.
You feel better.
Crazy Yiuf is moderately wounded.
Crazy Yiuf closely misses you. x2
You sock Crazy Yiuf!
Crazy Yiuf is severely wounded.
Crazy Yiuf hits you with a +4 quarterstaff of chaos!
You die...

#..# ...# ..(# ...
... # #.# .# ###
♣♣###.#..# #)..#♣♣
♣♣.))..#..#
#...g@♣♣♣♣.)......#
#...#♣..♣...).†.#.#
### ♣♣♣.♣...)..# #
♣♣♣♣♣##..# #..#
#####..# #......# #
###.##.#.#
#####....#.#


You could see Crazy Yiuf.

Vanquished Creatures
  2 adders
  An endoplasm (D:1)
  4 goblins
  2 hobgoblins (D:1)
  4 jackals (D:1)
  2 quokkas
  A frilled lizard (D:1)
  3 kobolds (D:1)
  4 rats
23 creatures vanquished.

Notes
Turn   | Place    | Note
-------+----------+-------------------------------------------
     0 | D:1      | Leszczynek the Human Gladiator began the quest for the Orb.
     0 | D:1      | Reached XP level 1. HP: 16/16 MP: 1/1
    72 | D:1      | Reached XP level 2. HP: 16/22 MP: 2/2
   357 | D:2      | Reached skill level 4 in Axes
   357 | D:2      | Reached XP level 3. HP: 20/27 MP: 3/3
   510 | D:3      | Identified the +4 mace "Meirres" {vamp, rC+}
   522 | D:3      | Found a runed translucent door.
   523 | D:3      | Noticed Crazy Yiuf
   531 | D:3      | Slain by Crazy Yiuf

Illustrated notes

Levels and vault maps discovered:
D:1:      elethiomel_arrival_shortcut, layout_loops_ring,
          basic_ecumenical_altar, grunt_decor_clamped,
          corexii_hall_statues_deadend
D:2:      layout_loops_cross
D:3:      kennysheep_slugbush, layout_loops_ring, uniq_crazy_yiuf_cottage

Skill      XL: |  1  2 |
---------------+-------+-----
Axes           | 4 |  4.5
Fighting       | |  2.0
Throwing       | |  2.0
Dodging        | |  3.0

Action                   || total
-------------------------++-------
Melee: War axe           ||    63
       Mace              ||     5
       Punch             ||     1
 Fire: Hunting sling     ||     4
Throw: Throwing net      ||     3
 Stab: Held in net/web   ||     2
Armor: Scale mail        ||    46
Dodge: Dodged            ||    36

Table legend: (Time is in decaauts)
 A = Elapsed time spent in this place.
 B = Non-inter-level travel time spent in this place.
 C = Inter-level travel time spent in this place.
 D = Time resting spent in this place.
 E = Time spent auto-exploring this place.
 F = Levels seen in this place.
 G = Mean time per level.
                   A        B        C        D        E       F      G
               +--------+--------+--------+--------+--------+-----+--------+
         Total |    551 |    486 |     65 |      0 |      0 |   3 |  183.7 |
       Dungeon |    551 |    486 |     65 |      0 |      0 |   3 |  183.7 |
               +--------+--------+--------+--------+--------+-----+--------+

Top non-repeatable levels by time:
     D:1: 342 daAuts
     D:2: 147 daAuts
     D:3: 60 daAuts
